 Dungeon Crawl Stone Soup version 0.22-a0-369-gc73351f94e (webtiles) character file.

1792773 Flugkiller the Slayer (level 26, 279/279 HPs)
             Began as a Deep Dwarf Monk on Apr 24, 2018.
             Was the Champion of Makhleb.
             Escaped with the Orb
             ... and 3 runes!
             The game lasted 03:34:12 (61259 turns).

Flugkiller the Slayer (Deep Dwarf Monk)            Turns: 61259, Time: 03:34:13

Health: 279/279    AC: 42    Str: 25    XL:     26   Next: 86%
Magic:  1/1        EV: 24    Int: 13    God:    Makhleb [******]
Gold:   3845       SH: 16    Dex: 21    Spells: 25/25 levels left

rFire    + + .     SeeInvis +   n - +8 eveningstar (elec)
rCold    + + +     Gourm    .   O - +1 shield {AC+3}
rNeg     + . .     Faith    .   s - +8 gold dragon scales
rPois    +         Spirit   .   U - +2 helmet {SInv}
rElec    +         Reflect  .   L - scarf {rC+ rF+}
rCorr    .         Harm     .   S - +1 pair of gloves {archery}
MR       +++..     NoTele   +   y - +0 pair of boots
Stlth    ..........             k - amulet of Omuzuh {+Rage rPois}
HPRegen  0.00/turn              Q - ring of Daffodils {-Tele rElec EV+4 Dex+6}
MPRegen  0.07/turn              X - +5 ring of slaying

@: non-regenerating
A: damage resistance, heal wounds, iridescent scales 1, yellow scales 1, cold
resistance 1, deformed body, negative energy resistance 1, sense surroundings 3,
poison resistance, no regeneration
0: Orb of Zot
}: 3/15 runes: barnacled, abyssal, gossamer
a: Heal Wounds, Minor Destruction, Lesser Servant of Makhleb, Major Destruction,
Greater Servant of Makhleb, Renounce Religion, Evoke Berserk Rage


You escaped.
You worshipped Makhleb.
Makhleb was exalted by your worship.
You were not hungry.

You visited 10 branches of the dungeon, and saw 47 of its levels.
You visited the Abyss 1 time.
You also visited: Labyrinth, Wizlab and Desolation.

You collected 5458 gold pieces.
You spent 1613 gold pieces at shops.

Inventory:

Hand Weapons
 n - a +8 eveningstar of electrocution (weapon)
Armour
 s - +8 gold dragon scales (worn)
 y - a +0 pair of boots (worn)
 L - a scarf of resistance (worn)
 O - a +1 shield of protection (worn)
 S - a +1 pair of gloves of archery (worn)
 U - a +2 helmet of see invisible (worn)
Jewellery
 k - the amulet of Omuzuh (around neck) {+Rage rPois}
   (You found it on level 12 of the Dungeon)

   [amulet of rage]

   It protects you from poison.
   It lets you go berserk.
 A - a +3 amulet of reflection
 Q - the ring of Daffodils (left hand) {-Tele rElec EV+4 Dex+6}
   (You bought it in a shop on level 5 of the Depths)

   [ring of evasion]

   It affects your evasion (+4).
   It affects your dexterity (+6).
   It insulates you from electricity.
   It prevents most forms of teleportation.
 X - a +5 ring of slaying (right hand)
 Y - the ring "Vid Moer" {rF+ rN+ MR+}
   (You took it off a centaur on level 1 of the Vaults)

   [ring of protection from fire]

   It protects you from fire.
   It protects you from negative energy.
   It affects your resistance to hostile enchantments.
Wands
 a - a wand of iceblast (13)
 b - a wand of paralysis (51)
 f - a wand of disintegration (37)
 m - a wand of acid (34)
 r - a wand of flame (219)
 z - a wand of digging (94)
 D - a wand of scattershot (8)
 R - a wand of enslavement (41)
 T - a wand of clouds (26)
Scrolls
 i - 24 scrolls of remove curse
 l - 10 scrolls of amnesia
 o - 9 scrolls of fog
 w - 18 scrolls of teleportation
 F - a scroll of holy word
 I - 9 scrolls of blinking
 M - 4 scrolls of fear
 P - a scroll of summoning
 Z - 8 scrolls of identify
Potions
 d - 13 potions of curing
 e - 6 potions of heal wounds
 g - 4 potions of might
 j - 3 potions of cancellation
 p - 2 potions of berserk rage
 v - 8 potions of flight
 C - 10 potions of agility
 E - 2 potions of resistance
 G - 4 potions of ambrosia
 H - 3 potions of haste
 K - a potion of invisibility
Miscellaneous
 t - 4 boxes of beasts
 x - a lightning rod (3/4)
 B - a lamp of fire
 J - 5 sacks of spiders
Comestibles
 c - 60 rations


   Skills:
 - Level 24.6 Fighting
 - Level 16.5 Maces & Flails
 - Level 22.3 Armour
 - Level 22.2 Dodging
 - Level 2.4 Stealth
 - Level 15.0 Shields
 + Level 18.7 Invocations
 - Level 9.0 Evocations


You had 25 spell levels left.
You didn't know any spells.

Dungeon Overview and Level Annotations

Branches:
Dungeon (15/15)            Temple (1/1) D:7            Lair (6/6) D:11
 Shoals (4/4) Lair:4       Spider (4/4) Lair:3        Slime (0/5) Lair:6
    Orc (2/2) D:9             Elf (1/3) Orc:2        Vaults (4/5) D:13
  Crypt (0/3) Vaults:2     Depths (5/5) D:15            Zot (5/5) Depths:5

Altars:
Ashenzari
Cheibriados
Dithmenos
Elyvilon
Fedhas
Gozag
Hepliaklqana
Kikubaaqudgha
Makhleb
Nemelex Xobeh
Okawaru
Qazlal
Ru
Sif Muna
Trog
Uskayaw
Vehumet
Wu Jian
Xom
Yredelemnul
Zin
The Shining One
Beogh
Jiyva

Shops:
D:4 ?   Orc:1 }[   Orc:2 =[}(   Elf:1 :   Shoals:1 }   Vaults:2 (
Depths:1 }}=   Depths:5 (=[[

Portals:
Hell: Depths:1 Depths:2 Depths:3 Depths:4 Depths:5
Abyss: Depths:2 Depths:4
Pandemonium: Depths:3
Ziggurat: Depths:2

Annotations:
D:15 exclusion: 2 doors
Shoals:1 exclusion: Roxanne, Roxanne


Innate Abilities, Weirdness & Mutations

You are resistant to damage.
You can heal yourself by infusing magical energy.
You resist negative energy. (rN+)
You passively map a large area around you.
You do not regenerate.
You are partially covered in iridescent scales. (AC +2)
You are partially covered in yellow scales. (AC +2)
Your flesh is cold resistant. (rC+)
Armour fits poorly on your strangely shaped body.
Your system is resistant to poisons. (rPois)


Message History

Press: ? - help, Shift-Dir - straight line The rock shatters into small pieces.
You block the infernal demonspawn's attack.
The infernal demonspawn completely misses you.
There is a staircase leading out of the dungeon here.
The infernal demonspawn completely misses you.
You block the infernal demonspawn's attack.
You bludgeon the infernal demonspawn!!
Lightning courses through the infernal demonspawn!
The infernal demonspawn is almost dead.
You block the infernal demonspawn's attack.
Your gold dragon scales prevents you from hitting the infernal demonspawn.
The infernal demonspawn is almost dead.
The infernal demonspawn completely misses you.
You hit the infernal demonspawn.
You kill the infernal demonspawn!
Makhleb accepts your kill.
There is a staircase leading out of the dungeon here.
Enter note: gg You have escaped!

.)......########(########.....#
# ###....## ###.......###
##....### # ##..##
##...........## ##.....)
####6.# ##....#####....##
#...### ......#
#...#########..(# #...# #
###..####..##.......##..####..#
#..# #...#..≈§)≈≈..#...# #..#
#..###..##.≈≈...≈≈.##..# #.##
##.........≈≈.@.≈≈.##..# #.#
#.###..##.≈≈...≈≈.##..# #.# #.#
#...#..≈≈§§≈..#...# #.#
#.####..##.......##..####.#
#..# #...####.####...# #..##
#..# ##....##'##....## #...###
#..## ##...........## ##......
#...## ###.......### ##...###.
#....#################....###.


There were no monsters in sight!

Vanquished Creatures
  4 orbs of fire (Zot:5)
  An ancient lich (Abyss:1)
  Boris (Depths:4)
  4 Killer Klowns
  A pandemonium lord (Zot:4)
  2 curse toes
  2 caustic shrikes (Depths:2)
  3 golden dragons
  Arachne (Spider:1)
  Jory (Depths:4)
  A bone dragon (Abyss:3)
  A Cloud Mage (WizLab)
  Jorgrun (Shoals:4)
  A hellephant (Abyss:3)
  Rupert (Lair:4)
  16 tentacled monstrosities
  22 Orb Guardians (Zot:5)
  A titan (Depths:5)
  A quicksilver dragon (Zot:1)
  3 liches
  A kraken (Abyss:3)
  8 death cobs
  5 tentacled starspawn
  3 Executioners
  Agnes (Spider:1)
  An ancient champion (Vaults:2)
  3 sphinxes
  Frances (D:14)
  Kirke (Shoals:1)
  14 storm dragons
  2 draconian monks
  Gastronok (D:10)
  4 shadow dragons
  Ilsuiw (Shoals:4)
  4 tengu reavers
  An azure jelly (shapeshifter) (Depths:2)
  6 fire giants
  A daeva (Abyss:3)
  4 deep elf sorcerers
  A draconian knight (Zot:4)
  15 vault wardens
  11 frost giants
  A balrug (Abyss:1)
  3 imperial myrmidons (Desolation)
  An angel (Abyss:3)
  8 ghost moths
  3 draconian scorchers
  A cacodemon (Abyss:1)
  5 emperor scorpions
  3 draconian shifters
  Aizul (Shoals:1)
  A draconian stormcaller (Zot:5)
  A ghoul (Vaults:2)
  14 ironheart preservers
  A caustic shrike zombie (Depths:2)
  4 draconian annihilators (Zot:4)
  A war gargoyle (D:15)
  20 stone giants
  9 vampire knights
  A spriggan defender (Depths:3)
  22 very ugly things
  4 entropy weavers
  Nessos (D:14)
  4 green draconians
  An ophan (Abyss:1)
  2 deep elf demonologists
  A minotaur (Lab)
  2 pale draconians (Depths:5)
  4 purple draconians
  6 black draconians
  11 spark wasps
  3 halazid warlocks (Desolation)
  A lorocyproca (Depths:1)
  4 red draconians
  7 yellow draconians
  4 white draconians
  9 ettins
  3 deep elf annihilators
  An ettin (shapeshifter) (Vaults:1)
  4 merfolk javelineers
  10 merfolk impalers
  3 blizzard demons (WizLab)
  10 fire dragons
  7 ragged hierophants (Desolation)
  8 servants of whispers (Desolation)
  6 jiangshi (Depths:4)
  10 great orbs of eyes
  10 yaktaur captains
  A deep elf high priest (Depths:1)
  10 rakshasas
  A naga warrior (Abyss:3)
  14 vault guards
  4 hydras
  12 ice dragons
  A caustic shrike simulacrum (Depths:2)
  8 peacekeepers (Desolation)
  4 hell beasts
  A ghost crab (Abyss:3)
  6 merfolk aquamancers
  2 catoblepae (Lair:6)
  2 merfolk avatars
  10 spriggan air magi
  17 centaur warriors
  An alligator snapping turtle (Shoals:3)
  2 anacondas (Lair:5)
  A two-headed ogre (shapeshifter) (Depths:2)
  61 two-headed ogres
  6 tengu warriors
  5 death knights
  17 deep troll shamans
  A satyr (Shoals:2)
  8 death yaks
  11 deep troll earth magi
  3 hell hogs (Depths:1)
  15 ogre magi
  6 thrashing horrors
  4 orc high priests
  A soul eater (Depths:2)
  6 vampire magi
  7 deep elf knights
  4 sun demons
  Sonja (D:14)
  7 wretched stars
  3 shock serpents (WizLab)
  A spatial maelstrom (Abyss:1)
  A fire crab (shapeshifter) (D:15)
  5 shadow wraiths
  8 skeletal warriors
  9 iron trolls
  2 fire crabs
  The ghost of jotwebe the Grappler, a novice DrTm of Dithmenos (D:8)
  3 sixfirhies
  12 sea snakes
  4 hell knights (Depths:3)
  A spark wasp zombie (Depths:2)
  30 deep trolls
  4 unseen horrors
  A shambling mangrove (Abyss:3)
  4 death drakes (WizLab)
  3 flayed ghosts
  3 glowing orange brains
  5 wizards
  A sea snake (shapeshifter) (Depths:2)
  A shadow demon (Abyss:1)
  3 deep elf archers
  An infernal demonspawn (D:1)
  20 ironbrand convokers
  23 harpies
  An orb spider (shapeshifter) (Vaults:3)
  22 orc knights
  11 phantasmal warriors
  3 necromancers
  15 large abominations
  4 frost giant zombies (Depths:4)
  23 deep elf magi
  24 manticores
  3 fire giant zombies (Depths:4)
  21 orb spiders
  A mana viper (shapeshifter) (Vaults:2)
  26 wolf spiders
  A harpy (shapeshifter) (Vaults:2)
  10 cyclopes
  8 orc sorcerers
  An oklob plant (Lair:6)
  A cyclops (shapeshifter) (Vaults:1)
  2 worldbinders (Abyss:3)
  18 fauns
  2 centaur zombies
  13 elephants
  4 guardian serpents
  11 moths of wrath
  77 ugly things
  2 water nymphs (Shoals:1)
  An elephant (shapeshifter) (Vaults:1)
  A molten gargoyle (D:14)
  13 merfolk sirens
  A rust devil (Depths:2)
  Maurice (D:12)
  2 guardian serpents (shapeshifter)
  Psyche (D:8)
  An eye of devastation (Abyss:3)
  11 vault sentinels
  5 black mambas
  4 centaur skeletons (D:15)
  4 smoke demons (Abyss:3)
  3 gargoyles
  6 apocalypse crabs
  3 orange demons
  7 spiny frogs
  4 torpor snails
  An elf zombie (Depths:2)
  5 rime drakes
  3 kobold demonologists
  4 efreet
  3 komodo dragons (shapeshifter)
  6 komodo dragons
  7 demonic crawlers
  A redback zombie (D:13)
  5 tengu conjurers
  6 trolls
  10 ancient zymes
  6 freezing wraiths
  A tormentor (Zot:4)
  72 yaktaurs
  2 hellwings (Depths:3)
  An ice devil (Abyss:3)
  32 merfolk
  A troll (shapeshifter) (Vaults:4)
  A meliai (shapeshifter) (Vaults:2)
  A red devil (Depths:1)
  A wolf spider simulacrum (D:13)
  2 harpy zombies
  A jumping spider (shapeshifter) (Vaults:3)
  26 jumping spiders
  9 wind drakes
  14 hornets
  A hornet (shapeshifter) (D:15)
  A polar bear (Lair:6)
  18 slime creatures
  8 raiju
  A meliai zombie (D:15)
  14 hippogriffs
  56 saltlings (Desolation)
  15 blink frogs
  9 snapping turtles
  A blink frog (shapeshifter) (Vaults:3)
  A fire giant simulacrum (Abyss:1)
  49 redbacks
  19 flying skulls (Depths:4)
  A yak (shapeshifter) (Vaults:1)
  7 shadows
  7 ynoxinuls
  A centaur simulacrum (D:15)
  6 air elementals (WizLab)
  A wyvern (D:14)
  A redback (shapeshifter) (Vaults:1)
  2 vampires
  A tarantella (shapeshifter) (D:15)
  15 tarantellas
  25 water elementals
  36 yaks
  2 basilisks (shapeshifter)
  5 chaos spawn
  3 golden eyes (Abyss:3)
  A human (D:8)
  11 wraiths
  A black mamba skeleton (Abyss:2)
  6 hogs
  15 small abominations
  3 fire elementals (D:12)
  15 hungry ghosts
  8 basilisks
  5 neqoxecs
  6 steam dragons
  An elf skeleton (Depths:2)
  9 wargs
  2 soldier ants
  6 acid dragons
  A naga (Abyss:3)
  An acid dragon (shapeshifter) (Depths:1)
  8 porcupines
  20 water moccasins
  5 sky beasts
  38 orc warriors
  3 black bears
  An eye of draining (Vaults:1)
  2 ice beasts (D:6)
  A snapping turtle zombie (Abyss:1)
  A necrophage (D:9)
  40 ogres
  A black bear (shapeshifter) (Depths:1)
  19 wolves
  4 phantoms
  A tengu (shapeshifter) (Depths:2)
  18 centaurs
  18 boggarts
  13 crocodiles
  6 big kobolds
  A bullfrog (shapeshifter) (D:12)
  11 bullfrogs
  2 earth elementals
  4 scorpions
  3 wyvern skeletons
  An orc simulacrum (Vaults:2)
  5 killer bees (D:13)
  11 wights
  6 electric eels
  A lava snake (D:12)
  7 crimson imps
  3 quasits
  26 starcursed masses
  A bullfrog zombie (D:12)
  5 jellies
  A gnoll shaman (Orc:2)
  20 orc priests
  4 hounds
  32 orc wizards
  A bullfrog skeleton (D:13)
  An iron imp (Abyss:1)
  14 worker ants
  A hound skeleton (D:7)
  A hound zombie (D:6)
  15 gnolls
  12 adders
  A shadow imp (D:10)
  3 white imps
  3 ufetubi (Abyss:3)
  An adder zombie (D:6)
  A worm (shapeshifter) (Vaults:3)
  5 worms
  A dart slug (D:2)
  6 leopard geckos
  99 orcs
  14 giant cockroaches
  2 gnoll zombies (D:9)
  8 hobgoblins
  15 jackals
  21 kobolds
  3 quokkas
  2 ball pythons (D:1)
  6 bats
  2 frilled lizards
  11 goblins
  A quokka skeleton (D:6)
  6 rats
  A fungus (Lair:6)
  3 plants
  6 starspawn tentacles
  4 tentacles (Abyss:3)
2405 creatures vanquished.

Vanquished Creatures (collateral kills)
  Xtahua (Vaults:2)
  A caustic shrike (Depths:2)
  A vault warden (Vaults:2)
  An ironheart preserver (Vaults:2)
  A yaktaur captain (Vaults:2)
  A vault guard (Vaults:2)
  A two-headed ogre (D:11)
  2 death yaks (Lair:6)
  A cyclops (Vaults:2)
  A black mamba (Lair:4)
  A spiny frog (Lair:4)
  A basilisk (Lair:1)
  A water moccasin (Lair:1)
  A black bear (Lair:6)
  A crocodile (Lair:4)
  A worker ant (D:14)
17 creatures vanquished.

Vanquished Creatures (others)
  A stone giant (Depths:3)
  3 merfolk javelineers
  A satyr (Shoals:4)
  A hell hog (Depths:1)
  An unseen horror (D:15)
  A deep elf archer (Vaults:3)
  A deep elf mage (Vaults:1)
  An orb spider (Spider:2)
  A cyclops (Vaults:2)
  A faun (Shoals:2)
  6 yaktaurs
  A jumping spider (Spider:2)
  2 saltlings (Desolation)
  2 redbacks
  A small abomination (Zot:5)
  An orc warrior (Vaults:2)
  A boggart (D:15)
  An ogre (Vaults:4)
  A centaur (Shoals:2)
  An iron imp (Abyss:3)
  A fungus (Lair:6)
  A lurking horror (Abyss:3)
  15 plants
  11 starspawn tentacles
  8 tentacles (Abyss:3)
65 creatures vanquished.

Grand Total: 2487 creatures vanquished

Notes
Turn   | Place    | Note
-------+----------+-------------------------------------------
     0 | D:1      | Flugkiller the Deep Dwarf Monk began the quest for the Orb.
     0 | D:1      | Reached XP level 1. HP: 20/20 MP: 1/1
   201 | D:1      | Reached XP level 2. HP: 18/27 MP: 2/2
   293 | D:1      | Reached skill level 1 in Armour
   485 | D:1      | Reached skill level 3 in Fighting
   779 | D:2      | Reached XP level 3. HP: 21/34 MP: 3/3
   914 | D:2      | Found an opulent altar of Gozag.
  1241 | D:2      | Reached XP level 4. HP: 30/42 MP: 4/4
  1953 | D:3      | Reached XP level 5. HP: 37/49 MP: 5/5
  2029 | D:3      | Found a glowing golden altar of the Shining One.
  2322 | D:4      | Noticed a phantom
  2373 | D:4      | Killed a phantom
  2373 | D:4      | Reached skill level 5 in Maces & Flails
  2542 | D:4      | Found an ornate altar of the Wu Jian Council.
  2676 | D:4      | Found a deep blue altar of Sif Muna.
  2678 | D:4      | Found a bloodstained altar of Trog.
  2784 | D:4      | Reached XP level 6. HP: 36/57 MP: 5/5
  2787 | D:4      | Found Siejeng Hixe's Magic Scroll Shoppe.
  2971 | D:4      | Found a hide-covered altar of Uskayaw.
  3106 | D:4      | Reached skill level 4 in Fighting
  3423 | D:4      | Reached XP level 7. HP: 55/64 MP: 6/6
  3527 | D:5      | Entered Level 5 of the Dungeon
  3696 | D:5      | Found a deep blue altar of Sif Muna.
  3817 | D:5      | You fall through a shaft for 3 floors!
  3885 | D:5      | Found a snail-covered altar of Cheibriados.
  4095 | D:5      | Found a glowing silver altar of Zin.
  4096 | D:5      | Noticed an angel
  4564 | D:6      | Reached XP level 8. HP: 64/73 MP: 6/6
  4662 | D:6      | Reached skill level 5 in Fighting
  4739 | D:6      | Reached skill level 5 in Armour
  4892 | D:6      | Found an iron altar of Okawaru.
  5257 | D:7      | Found a staircase to the Ecumenical Temple.
  5271 | Temple   | Entered the Ecumenical Temple
  5420 | Temple   | Became a worshipper of Makhleb the Destroyer
  5420 | Temple   | Reached * piety under Makhleb
  5420 | Temple   | Reached ** piety under Makhleb
  5821 | D:6      | Gained mutation: You passively map the area around you. [Deep Dwarf growth]
  5821 | D:6      | Reached XP level 9. HP: 74/82 MP: 7/7
  5955 | D:6      | Reached skill level 6 in Fighting
  6066 | D:7      | Reached skill level 1 in Invocations
  6558 | D:8      | Found a hazy altar of Hepliaklqana.
  6583 | D:8      | Noticed jotwebe's ghost (novice DrTm)
  6745 | D:8      | Noticed Psyche
  6761 | D:8      | Killed Psyche
  6914 | D:8      | Reached skill level 10 in Maces & Flails
  7622 | D:9      | Found a basalt altar of Yredelemnul.
  7653 | D:9      | Noticed a troll
  7680 | D:9      | Killed a troll
  7680 | D:9      | Reached XP level 10. HP: 54/92 MP: 11/11
  7731 | D:9      | Found a staircase to the Orcish Mines.
  7753 | D:9      | Found a roughly hewn altar of Beogh.
  7818 | D:9      | Reached skill level 7 in Fighting
  7818 | D:9      | Reached skill level 5 in Invocations
  8483 | D:10     | Entered Level 10 of the Dungeon
  8483 | D:10     | Noticed Gastronok
  8809 | D:10     | Reached *** piety under Makhleb
  8944 | D:10     | Killed Gastronok
  9101 | D:11     | Found a shattered altar of Ashenzari.
  9138 | D:11     | Noticed a two-headed ogre
  9152 | D:11     | Killed a two-headed ogre
  9207 | D:11     | Reached skill level 8 in Fighting
  9235 | D:11     | Found a staircase to the Lair.
  9558 | D:11     | Reached XP level 11. HP: 94/103 MP: 11/11
  9809 | Lair:1   | Entered Level 1 of the Lair of Beasts
  9890 | Lair:1   | Reached skill level 1 in Evocations
 10577 | Lair:1   | Noticed a seven-headed hydra
 10595 | Lair:1   | Killed a seven-headed hydra
 11035 | Lair:2   | Reached skill level 10 in Armour
 11037 | Lair:2   | Found a basalt altar of Yredelemnul.
 11086 | Lair:2   | Reached skill level 9 in Fighting
 11331 | Lair:2   | Reached **** piety under Makhleb
 11736 | Lair:3   | Found a labyrinth entrance.
 11745 | Lab      | Entered a labyrinth
 11939 | Lab      | Reached XP level 12. HP: 114/114 MP: 11/11
 12502 | Lab      | Noticed a minotaur
 12520 | Lab      | Killed a minotaur
 12541 | Lab      | Got an encrusted shortbow
 12629 | Lair:3   | Found a hole to the Spider Nest.
 12646 | Lair:3   | Paralysed by a hornet for 2 turns
 13176 | Lair:3   | Reached skill level 10 in Fighting
 13778 | Lair:4   | Noticed Rupert
 13796 | Lair:4   | Killed Rupert
 14000 | Lair:4   | Found a staircase to the Shoals.
 14076 | Lair:4   | Noticed a death yak
 14394 | Lair:4   | Noticed a death yak
 14395 | Lair:4   | Noticed a death yak
 14397 | Lair:4   | Noticed a death yak
 14426 | Lair:3   | Killed a death yak
 14494 | Lair:4   | Reached XP level 13. HP: 87/123 MP: 9/9
 14510 | Lair:3   | Identified a scroll of acquirement
 14710 | Lair:4   | Reached skill level 15 in Maces & Flails
 14712 | Lair:4   | Reached skill level 5 in Dodging
 15185 | Lair:5   | Reached ***** piety under Makhleb
 15808 | Lair:6   | Entered Level 6 of the Lair of Beasts
 15875 | Lair:6   | Found a viscous altar of Jiyva.
 15875 | Lair:6   | Found a staircase to the Slime Pits.
 16054 | Lair:6   | Reached skill level 11 in Fighting
 16467 | Lair:6   | Gained mutation: You resist negative energy. (rN+) [Deep Dwarf growth]
 16467 | Lair:6   | Reached XP level 14. HP: 135/135 MP: 8/8
 17531 | D:12     | Found a blossoming altar of Fedhas.
 17552 | D:12     | Got a crystal morningstar {flame}
 17553 | D:12     | Identified the cursed +1 morningstar of Tomorrow {flame, rElec rF+ Str+2 Dex-5} (You took it off an orc priest on level 12 of the Dungeon)
 17556 | D:12     | Noticed Maurice
 17602 | D:12     | Killed Maurice
 17883 | D:12     | Reached skill level 12 in Fighting
 17883 | D:12     | Reached skill level 5 in Evocations
 18652 | D:12     | Got a flickering garnet amulet
 18663 | D:12     | Identified the amulet of Omuzuh {+Rage rPois} (You found it on level 12 of the Dungeon)
 18827 | D:13     | Found a sparkling altar of Nemelex Xobeh.
 18846 | D:13     | Reached ****** piety under Makhleb
 19065 | D:13     | Reached skill level 10 in Dodging
 19250 | D:13     | Reached skill level 1 in Shields
 19589 | D:13     | Found a gate to the Vaults.
 19837 | D:14     | Noticed Nessos
 19857 | D:14     | Killed Nessos
 19857 | D:14     | Reached XP level 15. HP: 95/146 MP: 9/9
 20036 | D:14     | Noticed Frances
 20050 | D:14     | Killed Frances
 20170 | D:14     | Reached skill level 13 in Fighting
 20426 | D:14     | Reached skill level 5 in Shields
 20878 | D:14     | Noticed Sonja
 20937 | D:14     | Killed Sonja
 21021 | D:15     | Entered Level 15 of the Dungeon
 21413 | D:15     | Paralysed by an ogre mage for 6 turns
 21438 | D:15     | Found a snail-covered altar of Cheibriados.
 21669 | D:15     | Found a staircase to the Depths.
 21745 | D:15     | Found a shadowy altar of Dithmenos.
 21746 | D:15     | Found a stormy altar of Qazlal.
 21887 | D:15     | Reached skill level 10 in Shields
 21892 | D:15     | Reached skill level 14 in Fighting
 21960 | D:15     | Reached XP level 16. HP: 139/159 MP: 9/9
 22101 | D:15     | Noticed a storm dragon
 22120 | D:15     | Killed a storm dragon
 22154 | D:15     | Got a bound steel ring
 22312 | D:15     | Noticed a sphinx
 22327 | D:15     | Killed a sphinx
 22833 | Orc:1    | Entered Level 1 of the Orcish Mines
 23022 | Orc:1    | Found Ydun's Gadget Shop.
 23106 | Orc:1    | Found Iqurim's Antique Armour Emporium.
 23549 | Orc:2    | Entered Level 2 of the Orcish Mines
 23743 | Orc:2    | Paralysed by an orc sorcerer for 5 turns
 23869 | Orc:2    | Found a staircase to the Elven Halls.
 24048 | Orc:1    | Reached skill level 10 in Invocations
 24296 | Orc:2    | Found Wufytiecw's Weapon Shoppe.
 24296 | Orc:2    | Found Akobe's Gadget Shop.
 24298 | Orc:2    | Found Lilesar's Antique Armour Shoppe.
 24298 | Orc:2    | Found Caotoog's Jewellery Shop.
 24379 | Orc:2    | Identified the ring "Dainaude" {*Slow +Blink rF+ Dex+3 SInv} (You took it off a centaur warrior on level 15 of the Dungeon)
 24605 | Spider:1 | Entered Level 1 of the Spider Nest
 25279 | Spider:2 | Noticed Agnes
 25305 | Spider:1 | Reached skill level 15 in Fighting
 25305 | Spider:1 | Reached XP level 17. HP: 170/170 MP: 10/10
 25379 | Spider:1 | Killed Agnes
 25632 | Spider:2 | Noticed Arachne
 25782 | Spider:1 | Killed Arachne
 26944 | Spider:4 | Entered Level 4 of the Spider Nest
 28526 | Spider:4 | Got a gossamer rune of Zot
 28793 | Shoals:1 | Entered Level 1 of the Shoals
 29439 | Shoals:1 | Found Ynesiq's Gadget Shop.
 29446 | Shoals:1 | Noticed Roxanne
 29498 | Shoals:1 | Noticed Kirke
 29581 | Shoals:1 | Killed Kirke
 29737 | Shoals:1 | Noticed Aizul
 29759 | Shoals:1 | Killed Aizul
 29759 | Shoals:1 | Gained mutation: You passively map a large area around you. [Deep Dwarf growth]
 29759 | Shoals:1 | Reached XP level 18. HP: 108/181 MP: 4/4
 30467 | Shoals:2 | Reached skill level 16 in Fighting
 30679 | Shoals:2 | You are sucked into a shaft!
 31896 | Shoals:4 | Entered Level 4 of the Shoals
 32135 | Vaults:1 | Entered Level 1 of the Vaults
 32425 | Vaults:1 | Reached skill level 17 in Fighting
 32527 | Vaults:1 | Found a magical portal.
 32598 | WizLab   | Entered The Chambers of the Cloud Mage
 33156 | WizLab   | Reached XP level 19. HP: 192/192 MP: 6/6
 33179 | WizLab   | Noticed Aneshruiwn
 33205 | WizLab   | Killed Aneshruiwn the Cloud Mage
 33263 | WizLab   | Identified the Incunabulum of the Birds
 33271 | WizLab   | Identified Zagy's Collected Works on Earthen Summoning
 33508 | Vaults:1 | Reached skill level 18 in Fighting
 34560 | Vaults:1 | Reached skill level 19 in Fighting
 35414 | Vaults:1 | Got an uncursed iridescent executioner's axe {drain}
 35428 | Vaults:1 | Identified the +7 executioner's axe "Luc Ful" {drain, rC+} (You took it off a centaur on level 1 of the Vaults)
 35470 | Vaults:1 | Got a transparent platinum ring
 35473 | Vaults:1 | HP: 8/201 [stone giant/large rock (40)]
 35810 | Vaults:1 | Identified the ring "Reonis" {Int+3 Stlth-} (You took it off a vault warden on level 1 of the Vaults)
 35842 | Vaults:1 | Got a fine steel ring
 35844 | Vaults:1 | Identified the ring "Vid Moer" {rF+ rN+ MR+} (You took it off a centaur on level 1 of the Vaults)
 36045 | Vaults:1 | Identified the Reference Book on Burning Evil
 36139 | Vaults:2 | Reached skill level 20 in Fighting
 36182 | Vaults:2 | Found Dyogasel's Antique Weapon Emporium.
 36344 | Vaults:2 | Reached XP level 20. HP: 164/211 MP: 3/3
 37212 | Vaults:2 | Found a staircase to the Crypt.
 37477 | Vaults:2 | Noticed Xtahua
 37496 | Vaults:2 | Killed Xtahua
 39209 | Vaults:3 | Reached skill level 15 in Dodging
 39209 | Vaults:3 | Reached XP level 21. HP: 222/222 MP: 2/2
 39228 | Vaults:3 | Reached skill level 15 in Armour
 41805 | Shoals:4 | Got a transparent plate armour
 41824 | Shoals:3 | Identified the +3 plate armour of the Nexus {rC+ Str+3} (You found it on level 4 of the Shoals)
 42031 | Shoals:4 | Got a glittering steel ring
 42033 | Shoals:4 | Identified the ring of Dassytai {Ice rPois Int+3 Dex-2 SInv} (You found it on level 4 of the Shoals)
 42103 | Shoals:4 | Noticed Jorgrun
 42119 | Shoals:4 | Killed Jorgrun
 42227 | Shoals:4 | Noticed Ilsuiw
 42279 | Shoals:4 | Killed Ilsuiw
 42535 | Shoals:4 | Reached skill level 15 in Invocations
 42581 | Shoals:4 | Got a barnacled rune of Zot
 43231 | Depths:1 | Entered Level 1 of the Depths
 43543 | Depths:1 | Reached skill level 15 in Shields
 43854 | Depths:1 | Reached skill level 21 in Fighting
 43972 | Depths:1 | Reached XP level 22. HP: 208/232 MP: 4/4
 44187 | Depths:1 | Found a gateway to Hell.
 44296 | Depths:1 | Found Ympoas's Jewellery Shop.
 44296 | Depths:1 | Found Dacse's Gadget Shoppe.
 44340 | Depths:1 | Found Xedorous's Gadget Shoppe.
 44528 | Depths:2 | Noticed a caustic shrike
 44528 | Depths:2 | Noticed a caustic shrike
 44528 | Depths:2 | Noticed a caustic shrike
 44549 | Depths:2 | Killed a caustic shrike
 44560 | Depths:2 | Killed a caustic shrike
 44572 | Depths:2 | Killed a caustic shrike
 44727 | Depths:2 | Found a gateway to a ziggurat.
 45395 | Depths:2 | Got a steaming flail
 45396 | Depths:2 | Identified the cursed +0 flail "Zat Lele" {flame, rF+ Str+6} (You found it on level 2 of the Depths)
 46614 | Depths:2 | Found a one-way gate to the infinite horrors of the Abyss.
 47419 | Depths:3 | Reached skill level 22 in Fighting
 47434 | Depths:3 | Reached XP level 23. HP: 243/243 MP: 3/3
 47741 | Depths:3 | Found a one-way gate leading to the halls of Pandemonium.
 49534 | Depths:4 | Noticed Jory
 49537 | Depths:4 | Found a basalt altar of Yredelemnul.
 49559 | Depths:4 | Killed Jory
 49771 | Depths:4 | Noticed Boris
 49790 | Depths:4 | Killed Boris
 49996 | Depths:5 | Entered Level 5 of the Depths
 50390 | Depths:5 | Reached XP level 24. HP: 254/254 MP: 3/3
 50440 | Depths:5 | Found a gate to the Realm of Zot.
 50835 | Depths:5 | Found Kegg's Armour Emporium.
 50835 | Depths:5 | Found Duneclixt's Weapon Shoppe.
 50864 | Depths:5 | Found Qoraez's Armour Emporium.
 50868 | Depths:5 | Found Ruwnelepru's Jewellery Shoppe.
 50871 | Depths:5 | Bought a +2 helmet of see invisible for 473 gold pieces
 51243 | Depths:5 | Found the +2 hat of the Bear Spirit {Spirit, +Rage rN+ MR++}
 51358 | Depths:4 | Voluntarily entered the Abyss.
 51385 | Abyss:1  | Found a corrupted altar of Lugonu.
 51618 | Abyss:1  | Paralysed by accursed screaming for 1 turns
 51705 | Abyss:1  | Noticed an ancient lich
 51718 | Abyss:1  | Killed an ancient lich
 51718 | Abyss:1  | Reached skill level 23 in Fighting
 51726 | Abyss:1  | Gained mutation: Your spells are a little easier to cast, but a little less powerful. [a cacodemon]
 52360 | Abyss:3  | Found a corrupted altar of Lugonu.
 52562 | Abyss:3  | Found a corrupted altar of Lugonu.
 53057 | Abyss:3  | Paralysed by accursed screaming for 1 turns
 53370 | Abyss:3  | Got an abyssal rune of Zot
 53377 | Abyss:3  | Paralysed by accursed screaming for 1 turns
 53490 | Depths:4 | Escaped the Abyss
 53584 | Depths:5 | Bought the ring of Daffodils {-Tele rElec EV+4 Dex+6} for 1140 gold pieces
 53684 | Zot:1    | Entered Level 1 of the Realm of Zot
 53903 | Zot:1    | Reached XP level 25. HP: 265/265 MP: 4/4
 55924 | Zot:4    | Got a spiked scale mail
 56327 | Zot:5    | Entered Level 5 of the Realm of Zot
 56769 | Zot:5    | Reached skill level 24 in Fighting
 57550 | Zot:5    | Reached XP level 26. HP: 277/277 MP: 3/3
 57615 | Zot:5    | Noticed an orb of fire
 57631 | Zot:5    | Gained mutation: Armour fits poorly on your strangely shaped body. [an orb of fire]
 57633 | Zot:5    | Killed an orb of fire
 57843 | Zot:5    | Noticed an orb of fire
 57855 | Zot:5    | Gained mutation: You are dopey. (Int -2) [an orb of fire]
 57864 | Zot:5    | Gained mutation: You are clumsy. (Dex -2) [an orb of fire]
 57865 | Zot:5    | Killed an orb of fire
 57989 | Zot:5    | Noticed an orb of fire
 57993 | Zot:5    | Gained mutation: Your body sometimes deteriorates upon taking damage. [an orb of fire]
 57996 | Zot:5    | Gained mutation: You occasionally shout uncontrollably at your foes. [an orb of fire]
 57998 | Zot:5    | Killed an orb of fire
 58008 | Zot:5    | Noticed an orb of fire
 58343 | Depths:1 | Lost mutation: You are dopey. (Int -2) [potion of mutation]
 58343 | Depths:1 | Lost mutation: You occasionally shout uncontrollably at your foes. [potion of mutation]
 58343 | Depths:1 | Gained mutation: You have a pair of small antennae on your head. [potion of mutation]
 58343 | Depths:1 | Gained mutation: Your body often deteriorates upon taking damage. [potion of mutation]
 58343 | Depths:1 | Gained mutation: Your system is resistant to poisons. (rPois) [potion of mutation]
 58343 | Depths:1 | Gained mutation: You expend magic power (3 MP) to strengthen your wands. [potion of mutation]
 58610 | Lair:1   | Lost mutation: You expend magic power (3 MP) to strengthen your wands. [potion of mutation]
 58610 | Lair:1   | Lost mutation: You have a pair of small antennae on your head. [potion of mutation]
 58610 | Lair:1   | Lost mutation: You are clumsy. (Dex -2) [potion of mutation]
 58610 | Lair:1   | Gained mutation: You have large cloven feet. [potion of mutation]
 58610 | Lair:1   | Lost mutation: You have large cloven feet. [potion of mutation]
 58610 | Lair:1   | Gained mutation: Your flesh is cold resistant. (rC+) [potion of mutation]
 58611 | Lair:1   | Lost mutation: Armour fits poorly on your strangely shaped body. [potion of mutation]
 58611 | Lair:1   | Lost mutation: Your spells are a little easier to cast, but a little less powerful. [potion of mutation]
 58611 | Lair:1   | Lost mutation: Your body often deteriorates upon taking damage. [potion of mutation]
 58611 | Lair:1   | Gained mutation: You are partially covered in iridescent scales. (AC +2) [potion of mutation]
 58611 | Lair:1   | Gained mutation: You are partially covered in yellow scales. (AC +2) [potion of mutation]
 58730 | Elf:1    | Entered Level 1 of the Elven Halls
 58804 | Elf:1    | Found Penlupell's One-of-a-Kind Books.
 58873 | Elf:1    | Found a ruined gateway.
 58894 | Desolati | Entered the Desolation of Salt
 59123 | Desolati | Found the cursed +13 scythe of Curses {drain, *Curse}
 59165 | Desolati | Identified the Compendium of Cold
 59356 | Desolati | Identified Sif Muna's Almanac of Enchantment and the Traveller
 59358 | Desolati | Identified the Disquisition on Torrid Summoning
 59361 | Desolati | Got a fine silver ring
 59363 | Desolati | Identified the ring of Ibezxa {rPois rC+ MP+9} (You found it in the Desolation of Salt)
 59370 | Desolati | Got a dazzling plate armour
 59381 | Desolati | Identified the +9 plate armour of Vanity {SInv} (You found it in the Desolation of Salt)
 59576 | Desolati | Got a wavering granite ring
 59585 | Desolati | Got a transparent pewter ring
 59587 | Desolati | Identified the ring "Garyil" {+Fly Int+7} (You found it in the Desolation of Salt)
 59589 | Desolati | Identified the ring of the Thirsty Demons {Str+3 Int+3} (You found it in the Desolation of Salt)
 59596 | Desolati | Identified Sif Muna's Grimoire of the Ashen Volcanoes
 60385 | Zot:5    | Noticed an orb of fire
 60391 | Zot:5    | Gained mutation: Armour fits poorly on your strangely shaped body. [an orb of fire]
 60408 | Zot:5    | Killed an orb of fire
 60410 | Zot:5    | Lost mutation: Your body sometimes deteriorates upon taking damage. [potion of mutation]
 60410 | Zot:5    | Gained mutation: You are frail. (-10% HP) [potion of mutation]
 60410 | Zot:5    | Lost mutation: You are frail. (-10% HP) [potion of mutation]
 60433 | Zot:5    | Got the Orb of Zot
 60455 | Zot:5    | Noticed Ingenwar the pandemonium lord
 60535 | Zot:4    | Noticed Ulehob the pandemonium lord
 60557 | Zot:4    | Killed Ulehob the pandemonium lord
 60963 | D:12     | Noticed Umaum the pandemonium lord
 61063 | D:8      | Killed jotwebe's ghost
 61191 | D:1      | Noticed Wagunosum the pandemonium lord
 61258 | D:1      | gg
 61259 | D:$      | Escaped with the Orb!

Vault maps used:
D:1:      dpeg_arrival_concentric_ovals
D:2:      grunt_gozag_statues, minmay_misc_feat_tiny, bh_chokoban, hex_medium,
          cheibrodos_gnoll_hut
D:3:      lemuel_crystal_altar, first_ration, st_stairs_7
D:4:      kennysheep_mini, kennysheep_mini_moat, grunt_temple_overflow_open,
          serial_shops, shop
D:5:      marbit_many_paths, zin_angel, hangedman_glass_teeth,
          lemuel_blue_sif_altar
D:6:      okawaru_altar_gauntlet_db
D:7:      minmay_temple_entry_trees
D:8:      nicolae_overflow_crystal_walls, enter_bailey_2, grunt_livestock,
          uniq_psyche
D:9:      lemuel_zombie_altar_yredelemnul, minmay_orc_entry_temple_small
D:10:     uniq_gastronok
D:11:     lair_entry_dummy, evilmike_ruin_ashenzari
D:12:     kennysheep_four_of_diamonds, basic_altar, hangedman_decor_points,
          uniq_maurice
D:13:     lightli_vaults_fourway_checkpoint, basic_altar
D:14:     nicolae_lava_and_water, uniq_frances, uniq_sonja, uniq_nessos
D:15:     hangedman_slaughterboxes, serial_shops
Temple:   pf_slime_end_temple
Lair:1:   nzn_random_ring, serial_bayou_shore_b, grunt_megastairs_4
Lair:2:   basic_altar, serial_bayou_pond_b, serial_bayou_pond_d
Lair:3:   nicolae_spider_entry_non_spiders, lab_entry_generic,
          wad_woods_river_01, infiniplex_staircase_pool
Lair:4:   minmay_shoals_entry_beasts, uniq_rupert
Lair:5:   beast_lair_carwin_large_3, grunt_megastairs_5, lemuel_fruit_fields
Lair:6:   grunt_lair_end_beastmaster, slime_altar_1, small_statue_intersection,
          st_stairs_9, minmay_lair_oklob_items
Shoals:1: serial_shops, shop, nicolae_shoals_drake_roost, uniq_aizul,
          uniq_kirke, uniq_roxanne
Shoals:2: cheibrodos_shoals_satyrical_garden
Shoals:3: nicolae_shoals_flooded_hall
Shoals:4: shoals_end_simple, shoals_ilsuiw_ice, uniq_jorgrun
Spider:2: nicolae_spider_cling_ruins, uniq_agnes, uniq_arachne
Spider:4: spider_rune_water, nicolae_spider_circle_web
Orc:1:    guppyfry_orc_lava_fort
Orc:2:    grunt_orc_tribal_feast
Elf:1:    portal_desolation_entry_nicolae_slug, evilmike_minifort, hex_tiny,
          nicolae_rare_books, uniq_louise
Vaults:1: nicolae_vaults_network_star, vaults_dpeg_encased_lava,
          v_alt_pattern_2, st_greater_box_2, v_misc_1, ontoclasm_vaults_tryst,
          hangedman_vaults_corner_blocks, nicolae_vaults_angled_halls,
          v_misc_19, hangedman_vaults_corner, v_misc_30,
          nicolae_vaults_little_squares_5, lightli_enter_wizlab_magi_temple
Vaults:2: grunt_vaults_trifunnel, v_misc_27, hangedman_vaults_stitches,
          nicolae_vaults_circle_grid_b, ontoclasm_vaults_twist,
          nicolae_vaults_ninety_degrees, ontoclasm_vaults_ring_square,
          vaults_dpeg_doors, hangedman_vaults_impose,
          minmay_crypt_entry_simple_statues, vaults_room_corners, st_lines,
          serial_shops, nicolae_shop_statue_plus, uniq_xtahua
Vaults:3: v_misc_29, nicolae_vaults_network_quinsquares,
          hangedman_vaults_corner_blocks, vaults_room_grid,
          ontoclasm_vaults_fault, vaults_room_fours, v_rooms_2, v_misc_27,
          ontoclasm_vaults_ligature, nicolae_vaults_theta,
          nicolae_vaults_border_crossing, vaults_room_stairs_pillars
Vaults:4: v_misc_14, grunt_vaults_hallway_long, v_misc_9,
          nicolae_vaults_little_squares_1, v_misc_4,
          nicolae_vaults_network_periphery, v_rooms_3, v_alt_pattern_2,
          nicolae_vaults_asterisk
Depths:1: hell_entry, columned_hall_lemuel, kennysheep_underground_church,
          minmay_shop_grove
Depths:2: cheibrodos_spurs, enter_ziggurat_b, marbit_kobold_abyss_entry,
          grunt_mini_vestibule, chequers_big_river, spider_trap
Depths:3: cross_vault, pf_coc_iceberg, dk_noncrumbling_2, rand_demon_pan_entry_8
Depths:4: lemuel_vampire_tower, hangedman_abyss_entry_splay,
          nicolae_benzene_ring, hell_entry, infiniplex_staircase_diamond,
          uniq_boris
Depths:5: evilmike_zot_entry_gauntlet, interstate_on_off, hell_entry,
          minmay_shoptagon
Zot:1:    hangedman_zot_diagonal_lockstep
Zot:2:    grunt_megastairs_2
Zot:4:    grunt_megastairs_1
Zot:5:    hangedman_zot_decor_tridents
Abyss:1:  minivault_5
Abyss:3:  minivault_5
Lab:      nicolae_lab_swirl, nicolae_lab_dead_end, nicolae_lab_garden,
          nicolae_lab_very_dead_end, nicolae_lab_hexagon, nicolae_lab_x,
          nicolae_lab_checkerboard, labyrinth_fake_exit, nicolae_lab_big_swirl,
          nicolae_lab_quarters, labyrinth_skeletal_remains, nicolae_lab_blocks
WizLab:   wizlab_cloud

Skill      XL: |  1  2  3  4  5  6  7  8  9 10 11 12 13 14 15 16 17 18 19 20 21 22 23 24 25 26 |
---------------+-------------------------------------------------------------------------------+-----
Armour         | 1 2 3 4 6 7 9 10 11 12 14 16 17 18 20 21 22 | 22.3
Fighting       | 3 4 5 6 8 9 10 11 12 14 15 17 20 21 22 23 24 | 24.6
Maces & Flails | 4 5 6 7 8 10 11 13 14 16 | 16.5
Invocations    | 4 5 6 7 8 10 12 13 15 16 17 18 | 18.7
Evocations     | 3 4 6 8 9 |  9.0
Dodging        | 4 8 10 11 12 14 15 16 17 18 20 21 22 | 22.2
Shields        | 3 10 11 12 13 15 | 15.0
Stealth        | |  2.4

Action                   |  1- 3 |  4- 6 |  7- 9 | 10-12 | 13-15 | 16-18 | 19-21 | 22-24 | 25-27 || total
-------------------------+-------+-------+-------+-------+-------+-------+-------+-------+-------++-------
Melee: Mace              |   124 |   166 |       |       |       |       |       |       |       ||   290
       Whip              |       |    79 |       |   274 |       |       |       |       |       ||   353
       Flail             |       |     9 |   501 |   432 |       |       |       |       |       ||   942
       Morningstar       |       |       |       |   248 |  1033 |  2215 |  2326 |   613 |       ||  6435
       Great mace        |       |       |       |       |   308 |       |       |       |       ||   308
       Maul              |       |       |       |       |       |       |    22 |       |       ||    22
       Executioner's axe |       |       |       |       |       |       |    15 |       |       ||    15
       Eveningstar       |       |       |       |       |       |       |       |  1728 |  1059 ||  2787
Invok: Minor Destruction |       |       |     2 |       |       |       |       |       |       ||     2
       Lesser Servant of |       |       |       |     6 |     2 |       |       |       |       ||     8
       Major Destruction |       |       |       |       |       |     1 |       |       |       ||     1
       Greater Servant o |       |       |       |       |       |       |     1 |       |       ||     1
 Abil: Heal Wounds       |     4 |     5 |    12 |    40 |    20 |    24 |    16 |     3 |    10 ||   134
       Evoke Berserk Rag |       |       |       |     3 |     4 |     2 |     3 |       |       ||    12
       Evoke Flight      |       |       |       |       |       |    21 |     1 |       |       ||    22
Evoke: Wand              |       |       |       |     6 |     3 |    44 |     3 |     3 |     1 ||    60
       Lightning rod     |       |       |       |       |       |       |     2 |     5 |     3 ||    10
       Lamp of fire      |       |       |       |       |       |       |       |     3 |       ||     3
       Box of beasts     |       |       |       |       |       |       |       |     1 |       ||     1
       Sack of spiders   |       |       |       |       |       |       |       |     1 |       ||     1
  Use: Scroll            |       |    11 |     5 |    11 |    10 |     8 |     9 |    13 |    10 ||    77
       Potion            |       |       |       |       |     2 |     3 |     4 |       |    11 ||    20
 Stab: Sleeping          |     5 |     3 |       |       |       |       |       |       |       ||     8
       Distracted        |       |       |       |     4 |     1 |       |       |     1 |       ||     6
       Held in net/web   |       |       |       |       |       |       |       |       |     1 ||     1
  Eat: Chunk             |     1 |     8 |    10 |    20 |    30 |    29 |    35 |    17 |     7 ||   157
       Ration            |       |       |     1 |     8 |     1 |     4 |     2 |     5 |     6 ||    27
Armor: Robe              |    22 |     1 |       |       |       |       |       |       |       ||    23
       Ring mail         |       |    84 |     1 |       |       |       |       |       |       ||    85
       Scale mail        |       |       |   234 |   343 |       |       |       |       |       ||   577
       Chain mail        |       |       |       |    46 |   620 |   995 |   472 |       |       ||  2133
       Plate armour      |       |       |       |       |       |       |   175 |   820 |   215 ||  1210
       Gold dragon scale |       |       |       |       |       |       |       |       |    59 ||    59
Dodge: Dodged            |    88 |   133 |   284 |   413 |   713 |   980 |   846 |  1141 |   649 ||  5247
Block: Shield            |       |       |       |       |   116 |  1699 |  1528 |  1995 |   679 ||  6017
       Reflection        |       |       |       |       |       |    85 |    92 |    72 |       ||   249

Table legend:
 A = Spawn XP
 B = Non-spawn XP
 C = Spawn XP percentage of total XP
 D = Spawn monster count
 E = Non-spawn monster count
 F = Spawn count percentage of total count
 G = Total turns spent on level
                    A         B        C        D         E        F      G
               +---------+---------+-------+---------+---------+-------+---------
         Total |   49531 | 1405664 |   3.4 |      92 |    2316 |   3.8 | 61259
               +---------+---------+-------+---------+---------+-------+---------
           D:1 |       0 |      33 |   0.0 |       0 |      20 |   0.0 |   774
           D:2 |       0 |      98 |   0.0 |       0 |      26 |   0.0 |  1148
           D:3 |       0 |     102 |   0.0 |       0 |      24 |   0.0 |   627
           D:4 |       0 |     535 |   0.0 |       0 |      24 |   0.0 |  1126
           D:5 |       0 |      44 |   0.0 |       0 |       7 |   0.0 |   753
           D:6 |       0 |    1522 |   0.0 |       0 |      34 |   0.0 |  1116
           D:7 |       0 |     827 |   0.0 |       0 |      24 |   0.0 |  1087
           D:8 |       0 |    3150 |   0.0 |       0 |      21 |   0.0 |  1110
           D:9 |       0 |    1156 |   0.0 |       0 |      23 |   0.0 |  1052
          D:10 |       0 |    2949 |   0.0 |       0 |      14 |   0.0 |   648
          D:11 |       0 |    2126 |   0.0 |       0 |      17 |   0.0 |  1062
          D:12 |       0 |   13874 |   0.0 |       0 |      50 |   0.0 |  1576
          D:13 |       0 |   18361 |   0.0 |       0 |      50 |   0.0 |  1683
          D:14 |       0 |   22292 |   0.0 |       0 |      61 |   0.0 |  1324
          D:15 |       0 |   62076 |   0.0 |       0 |     108 |   0.0 |  2206
        Lair:1 |       0 |    6756 |   0.0 |       0 |      32 |   0.0 |  1574
        Lair:2 |       0 |    2960 |   0.0 |       0 |      14 |   0.0 |   844
        Lair:3 |       0 |    8337 |   0.0 |       0 |      36 |   0.0 |  1936
        Lair:4 |       0 |   11216 |   0.0 |       0 |      24 |   0.0 |  1274
        Lair:5 |       0 |    7868 |   0.0 |       0 |      31 |   0.0 |   792
        Lair:6 |       0 |   19069 |   0.0 |       0 |      48 |   0.0 |  1285
      Shoals:1 |       0 |   16615 |   0.0 |       0 |      34 |   0.0 |  1051
      Shoals:2 |       0 |   18732 |   0.0 |       0 |      39 |   0.0 |   872
      Shoals:3 |       0 |   21316 |   0.0 |       0 |      40 |   0.0 |   975
      Shoals:4 |       0 |   43745 |   0.0 |       0 |      67 |   0.0 |  1213
      Spider:1 |       0 |   32478 |   0.0 |       0 |      61 |   0.0 |  1287
      Spider:2 |       0 |    8493 |   0.0 |       0 |      20 |   0.0 |   650
      Spider:3 |       0 |    3652 |   0.0 |       0 |       9 |   0.0 |   644
      Spider:4 |       0 |   35030 |   0.0 |       0 |      79 |   0.0 |  1516
         Orc:1 |       0 |    7078 |   0.0 |       0 |      55 |   0.0 |   910
         Orc:2 |       0 |    8769 |   0.0 |       0 |      54 |   0.0 |   771
         Elf:1 |       0 |    2591 |   0.0 |       0 |       5 |   0.0 |   203
      Vaults:1 |       0 |  112526 |   0.0 |       0 |     166 |   0.0 |  3313
      Vaults:2 |       0 |   72308 |   0.0 |       0 |     113 |   0.0 |  1831
      Vaults:3 |       0 |   59987 |   0.0 |       0 |      91 |   0.0 |  1690
      Vaults:4 |       0 |   30723 |   0.0 |       0 |      47 |   0.0 |  1365
      Depths:1 |       0 |   50077 |   0.0 |       0 |      65 |   0.0 |  1707
      Depths:2 |       0 |   97072 |   0.0 |       0 |     124 |   0.0 |  2054
      Depths:3 |       0 |   44262 |   0.0 |       0 |      57 |   0.0 |  1435
      Depths:4 |       0 |   72660 |   0.0 |       0 |      84 |   0.0 |  1529
      Depths:5 |       0 |   83316 |   0.0 |       0 |      82 |   0.0 |  1675
         Zot:1 |       0 |   43557 |   0.0 |       0 |      23 |   0.0 |  1493
         Zot:2 |       0 |    9400 |   0.0 |       0 |       5 |   0.0 |   176
         Zot:3 |       0 |    2456 |   0.0 |       0 |       2 |   0.0 |    90
         Zot:4 |       0 |   88825 |   0.0 |       0 |      47 |   0.0 |  1276
         Zot:5 |       0 |  126506 |   0.0 |       0 |      39 |   0.0 |  1838
       Abyss:1 |   11170 |   24047 |  31.7 |      22 |      33 |  40.0 |   844
       Abyss:2 |    1797 |       0 | 100.0 |       6 |       0 | 100.0 |   145
       Abyss:3 |   36564 |   28651 |  56.1 |      64 |      49 |  56.6 |  1143
           Lab |       0 |    4234 |   0.0 |       0 |      19 |   0.0 |   798
        WizLab |       0 |   20978 |   0.0 |       0 |      28 |   0.0 |   777
    Desolation |       0 |   50229 |   0.0 |       0 |      91 |   0.0 |   827
               +---------+---------+-------+---------+---------+-------+---------
